 Dungeon Crawl Stone Soup version 0.32-a0-630-g46d191b0ed (webtiles) character file.

Game seed: 7870977727540122905

25 Alarak the Magician (level 2, 0/19 HPs)
             Began as a Demonspawn Fire Elementalist on Mar 7, 2024.
             Slain by a cerulean imp
             ... wielding a +2 spear
             ... summoned by Natasha
              (4 damage)
             ... on level 2 of the Dungeon.
             The game lasted 00:01:47 (1280 turns).

Alarak the Magician (Demonspawn Fire Elementalist)  Turns: 1280, Time: 00:01:47

Health: 0/19       AC:  2    Str:  8    XL:     2   Next: 86%
Magic:  1/6        EV: 12    Int: 15    God:
Gold:   66         SH:  0    Dex: 13    Spells: 6/7 levels left

rFire   + . .        i - staff of fire
rCold   . . .        (no shield)
rNeg    . . .        a - +0 robe
rPois   .            (no helmet)
rElec   .            (no cloak)
rCorr   .            (no gloves)
SInv    .            (no boots)
Will    .....        (no amulet)
Stlth   ++           (no ring)
HPRegen 0.23/turn    (no ring)
MPRegen 0.10/turn

%: no passive effects
@: no status effects
A: powered by death 1
a: no special abilities


You were on level 2 of the Dungeon.
You visited 1 branch of the dungeon, and saw 2 of its levels.

You collected 66 gold pieces.

Inventory:

Hand Weapons
 f - a +2 dagger of freezing
Armour
 a - a +0 robe (worn)
Magical Staves
 i - a staff of fire (weapon)
Scrolls
 e - a scroll of fog {unknown}
 g - a scroll of poison {unknown}
 h - a scroll of fear {unknown}
Potions
 b - a potion of magic
 c - 2 potions of curing {unknown}
 d - 2 potions of degeneration {unknown}


   Skills:
 - Level 1.7 Dodging
 - Level 1.7 Stealth
 + Level 3.2 Spellcasting
 - Level 1.0 Conjurations
 - Level 2.6 Fire Magic


You had 6 spell levels left.
You knew the following spells:

 Your Spells              Type           Power      Damage    Failure   Level
a - Foxfire               Conj/Fire      44%        2x1d6     10%         1

Your spell library contained the following spells:

 Spells                   Type           Power      Damage    Failure   Level
 Scorch                   Fire           30%        2d6       10%         2
 Call Imp                 Summ           4%         N/A       30%         2
 Sublimation of Blood     Necr           2%         N/A       30%         2
 Inner Flame              Hex/Fire       9%         N/A       34%         3
 Volatile Blastmotes      Fire/Tloc      18%        2d11      34%         3
 Call Canine Familiar     Summ           2%         N/A       52%         3
 Ozocubu's Armour         Ice            2%         N/A       52%         3
 Sigil of Binding         Hex            2%         N/A       52%         3
 Flame Wave               Conj/Fire      11%        2d6       67%         4
 Dimensional Bullseye     Hex/Tloc       1%         N/A       89%         4
 Metabolic Englaciation   Hex/Ice        1%         N/A       99%         5
 Sculpt Simulacrum        Ice/Alch       1%         N/A       100%        6
 Summon Hydra             Summ           1%         N/A       100%        7


Dungeon Overview and Level Annotations

Branches:
Dungeon (2/15)

Altars:

Annotations:
D:2 Natasha


Innate Abilities, Weirdness & Mutations

You regenerate a little health from kills.


Message History

Natasha is nearby!
You feel a surge of power!
You conjure some foxfire!
The foxfire hits Natasha.
Natasha is lightly wounded.
Natasha hisses angrily.
The foxfire hits Natasha.
Natasha is heavily wounded.
You feel a surge of power!
You conjure some foxfire!
The foxfire hits Natasha.
Natasha is severely wounded.
Natasha stares at you and mumbles some strange words.
The magic dart hits you.
You see here a +0 leather armour.
Natasha wildly gestures.
Natasha glows brightly for a moment.
Your foxfire dissipates!
Natasha casts a spell.
The cerulean imp hits you from afar with a +2 spear.
You see here a bat corpse.
You feel a surge of power!
You conjure some foxfire!
Natasha mumbles some strange words.
The cerulean imp hits you from afar with a +2 spear.
You feel a surge of power!
You conjure some foxfire!
The foxfire hits the cerulean imp.
The cerulean imp is moderately wounded.
The foxfire hits the cerulean imp.
The cerulean imp is severely wounded.
Natasha casts a spell.
The cerulean imp hits you from afar with a +2 spear.
Casting: Foxfire (safe; 10% risk of failure)
Confirm with . or Enter, or press ? or * to list all spells.
You feel a surge of power!
You conjure some foxfire!
The cerulean imp hits you from afar with a +2 spear.
* * * LOW HITPOINT WARNING * * *
Unknown command.
Casting: Foxfire (safe; 10% risk of failure)
Confirm with . or Enter, or press ? or * to list all spells.
You feel a surge of power!
You conjure some foxfire!
The cerulean imp hits you from afar with a +2 spear.
You die...

######### #........
#.###### #......#
.######## #.####.#
......vv# #.# #.#
#######v###.# #.#
#.55h5v@§...####.#######
#.#####v§...##........(.
#. #####.##.#.....### #h
#)##.#####.... #.
####.##.# ... #.
#.......# .. #.
##.##.#### #
....###...#.#
#..##......#


You could see Natasha and 3 cerulean imps.

Vanquished Creatures
  An adder (D:2)
  An endoplasm (D:1)
  3 goblins (D:1)
  3 hobgoblins
  2 ball pythons (D:1)
  A bat (D:2)
  3 kobolds
  3 rats (D:1)
17 creatures vanquished.

Vanquished Creatures (others)
  62 foxfires
62 creatures vanquished.

Grand Total: 79 creatures vanquished

Notes
Turn   | Place    | Note
-------+----------+-------------------------------------------
     0 | D:1      | Alarak the Demonspawn Fire Elementalist began the quest for
                  | the Orb.
     0 | D:1      | Reached XP level 1. HP: 13/13 MP: 3/3
   512 | D:1      | Gained mutation: You regenerate a little health from kills.
                  | [demonic ancestry]
   512 | D:1      | Reached XP level 2. HP: 19/19 MP: 2/5
  1080 | D:2      | Reached skill level 3 in Spellcasting
  1267 | D:2      | Noticed Natasha
  1280 | D:2      | Slain by a cerulean imp

Illustrated notes

Levels and vault maps discovered:
D:1:      doesnt_arrival_eight_statues, layout_basic, serial_co_window_serial,
          co_window_paths_a, co_window_paths_b, co_window_paths_b,
          co_window_paths_a, co_window_corner_a, co_window_paths_a,
          co_window_paths_a, co_window_paths_b, co_window_paths_b,
          co_window_cross_2, co_window_broadway_a, co_window_cross_3,
          co_window_unsneaky_path_c, glass_columns_b, glass_columns_b,
          glass_columns_c
D:2:      layout_loops_ring, uniq_natasha

Skill      XL: |  1  2 |
---------------+-------+-----
Spellcasting   | 3 |  3.2
Dodging        | |  1.7
Stealth        | |  1.7
Conjurations   | |  1.0
Fire Magic     | |  2.6

Action                     || total
---------------------------++-------
  Melee: Dagger            ||     2
         Unarmed           ||     2
         Staff             ||     3
   Cast: Foxfire           ||    37
 Armour: Robe              ||    10
  Dodge: Dodged            ||     6

Table legend: (Time is in decaauts)
 A = Elapsed time spent in this place.
 B = Non-inter-level travel time spent in this place.
 C = Inter-level travel time spent in this place.
 D = Time resting spent in this place.
 E = Time spent auto-exploring this place.
 F = Levels seen in this place.
 G = Mean time per level.
                   A        B        C        D        E       F      G
               +--------+--------+--------+--------+--------+-----+--------+
         Total |   1279 |   1208 |     71 |     37 |   1054 |   2 |  639.5 |
       Dungeon |   1279 |   1208 |     71 |     37 |   1054 |   2 |  639.5 |
               +--------+--------+--------+--------+--------+-----+--------+

Top non-repeatable levels by time:
     D:1: 984 daAuts
     D:2: 295 daAuts
